 Dungeon Crawl Stone Soup version 0.28.0-62-gf88900778d (webtiles) character file.

Game seed: 2603624882646408493

1351 Froggeryz the Cutter (level 8, -2/58 HPs)
             Began as an Octopode Berserker on Sept 3, 2023.
             Was a Priest of Trog.
             Slain by a vampire mosquito (3 damage)
             ... on level 6 of the Dungeon.
             The game lasted 00:03:55 (5886 turns).

Froggeryz the Cutter (Octopode Berserker)           Turns: 5886, Time: 00:03:56

Health: -2/58      AC:  5    Str: 16    XL:     8   Next: 63%
Magic:  8/8        EV: 14    Int:  9    God:    Trog [***...]
Gold:   324        SH:  0    Dex: 14    Spells: 7/7 levels left

rFire   . . .      SeeInvis .   a - +0 short sword
rCold   . . .      Faith    .   (no shield)
rNeg    . . .      Spirit   .   (helmet restricted)
rPois   .          Reflect  .   (no amulet)
rElec   .          Harm     .   s - +4 ring of protection
rCorr   .          Rampage  .   (no ring)
Will    .....                   (no ring)
Stlth   +++.......              (no ring)
HPRegen 0.19/turn               (no ring)
MPRegen 0.11/turn               (no ring)
                                (no ring)
                                (no ring)

@: silenced
A: almost no armour, amphibious, 8 rings, camouflage 1, gelatinous body 1,
(nimble swimmer 1), tentacles
a: Renounce Religion


You were on level 6 of the Dungeon.
You worshipped Trog.
Trog was most pleased with you.
You visited 1 branch of the dungeon, and saw 7 of its levels.

You collected 324 gold pieces.

Inventory:

Hand Weapons
 a - a +0 short sword (weapon)
Missiles
 j - 2 poisoned darts (quivered)
Jewellery
 s - a +4 ring of protection (left tentacle)
Wands
 n - a wand of acid (8)
 u - a wand of mindburst (7)
 x - a wand of flame (10)
Scrolls
 b - 2 scrolls of vulnerability {unknown}
 g - a scroll of noise {unknown}
 k - 2 scrolls of fear {unknown}
 o - a scroll of enchant armour {unknown}
 p - 2 scrolls of amnesia {unknown}
 q - a scroll of silence
 r - a scroll of fog {unknown}
 v - 2 scrolls of identify {unknown}
 w - a scroll of brand weapon {unknown}
 y - a scroll of magic mapping {unknown}
Potions
 c - 5 potions of curing {unknown}
 d - 3 potions of mutation {unknown}
 e - 2 potions of flight {unknown}
 f - a potion of might {unknown}
 h - a potion of attraction {unknown}
 i - a potion of heal wounds {unknown}
 l - a potion of magic {unknown}
 m - a potion of invisibility {unknown}
 t - a potion of berserk rage {unknown}


   Skills:
 + Level 6.5 Fighting
 * Level 7.8 Short Blades
 - Level 3.1 Dodging
 + Level 5.8 Stealth


You had 7 spell levels left.
You didn't know any spells.
Your spell library was empty.

Dungeon Overview and Level Annotations

Branches:
Dungeon (7/15)             Temple (0/1) D:6

Altars:
Wu Jian

Shops:
D:1 =   D:2 =


Innate Abilities, Weirdness & Mutations

You cannot wear most types of armour.
You are amphibious.
You can wear up to eight rings at the same time.
Your skin changes colour to match your surroundings (Stealth+).
Your rubbery body absorbs attacks. (AC +1, EV +1)
((You are camouflaged when in or above water. (Stealth+)))
You have tentacles for arms and can constrict up to eight enemies at once.


Message History

Done exploring.
Done exploring.
No target in view!
There is a stone staircase leading down here.
You climb downwards.
There is a stone staircase leading up here.
There are monsters nearby!
There are monsters nearby!
There are monsters nearby!
The vampire mosquito buzzes angrily. x3
The vampire mosquito misses you. The vampire mosquito bites you!
The vampire mosquito draws strength from your injuries!
The vampire mosquito misses you. The vampire mosquito bites you!
The vampire mosquito draws strength from your injuries!
The vampire mosquito barely misses you. x2
The vampire mosquito closely misses you.
The vampire mosquito bites you.
The vampire mosquito draws strength from your injuries!
The vampire mosquito barely misses you. x2; The vampire mosquito bites you!
The vampire mosquito draws strength from your injuries!
There is a stone staircase leading up here.
The vampire mosquito misses you. The vampire mosquito bites you.
The vampire mosquito draws strength from your injuries!
The vampire mosquito bites you.
The vampire mosquito draws strength from your injuries!
The vampire mosquito bites you.
The vampire mosquito draws strength from your injuries!
The vampire mosquito bites you!
* * * LOW HITPOINT WARNING * * *
The vampire mosquito draws strength from your injuries!
The vampire mosquito bites you!
* * * LOW HITPOINT WARNING * * *
The vampire mosquito draws strength from your injuries!
You climb upwards.
There is a stone staircase leading down here.
Okay, then.
As you read the scroll labelled VILLAW ZALOKH, it crumbles to dust.
A profound silence engulfs you.
It was a scroll of silence.
The vampire mosquito bites you.
You die...

###..## ##......####.
#.....###.......###..
####....#.....#........
##.#....#......#...##.#.
#.......##....##...###..
#.................## #..
##........###......###..
###...#y.....###.###...
###.@y....##...#.....
#...y...##..###.....
###......##.##......
#.................
##..##............
###..............
##.(............
##...............
#................


You could see 3 vampire mosquitoes.

Vanquished Creatures
  A water moccasin (D:6)
  Duvessa (D:6)
  A hornet zombie (D:5)
  A sky beast (D:5)
  A black bear (D:6)
  A centaur (D:6)
  2 phantoms
  Blork the orc (D:6)
  Dowan (D:6)
  A centaur skeleton (D:6)
  2 orc priests
  A hound (D:3)
  4 iguanas
  2 orc wizards
  A hound zombie (D:5)
  A hound skeleton (D:4)
  8 adders
  4 gnolls (D:5)
  A shadow imp (D:6)
  A white imp (D:6)
  An ufetubus (D:6)
  2 adder skeletons (D:4)
  A dart slug (D:1)
  13 orcs
  6 bats
  8 endoplasms
  A giant cockroach (D:4)
  5 goblins
  3 hobgoblins
  6 jackals (D:2)
  3 kobolds
  4 quokkas
  4 ball pythons
  4 frilled lizards
  4 rats
101 creatures vanquished.

Vanquished Creatures (others)
  A fungus (D:2)
  2 plants (D:2)
3 creatures vanquished.

Grand Total: 104 creatures vanquished

Notes
Turn   | Place    | Note
-------+----------+-------------------------------------------
     0 | D:1      | Froggeryz the Octopode Berserker began the quest for the
                  | Orb.
     0 | D:1      | Reached XP level 1. HP: 16/16 MP: 1/1
   124 | D:1      | Reached XP level 2. HP: 21/21 MP: 2/2
   426 | D:1      | Found Maoschof's Jewellery Boutique.
   553 | D:2      | Reached XP level 3. HP: 26/26 MP: 3/3
   947 | D:2      | Found a faded altar of an unknown god.
  1009 | D:2      | Found Luta's Jewellery Shoppe.
  1034 | D:2      | Reached ** piety under Trog
  1131 | D:2      | Reached XP level 4. HP: 33/33 MP: 4/4
  1141 | D:2      | Reached skill level 4 in Short Blades
  1458 | D:3      | Reached XP level 5. HP: 30/38 MP: 5/5
  2554 | D:4      | Reached skill level 5 in Fighting
  2554 | D:4      | Reached skill level 5 in Short Blades
  2554 | D:4      | Reached XP level 6. HP: 42/45 MP: 6/6
  2701 | D:4      | Reached skill level 1 in Stealth
  3350 | D:5      | Entered Level 5 of the Dungeon
  4043 | D:5      | Noticed a sky beast
  4070 | D:5      | Killed a sky beast
  4071 | D:5      | Reached XP level 7. HP: 50/50 MP: 7/7
  4405 | D:5      | Reached skill level 6 in Short Blades
  4969 | D:6      | Found a staircase to the Ecumenical Temple.
  4980 | D:6      | Noticed Duvessa
  4981 | D:6      | Noticed Dowan
  4990 | D:6      | Killed Duvessa
  4990 | D:6      | Reached *** piety under Trog
  4993 | D:6      | Killed Dowan
  5252 | D:6      | Found an ornate altar of the Wu Jian Council.
  5267 | D:6      | Reached skill level 7 in Short Blades
  5267 | D:6      | Reached XP level 8. HP: 57/57 MP: 8/8
  5280 | D:6      | Noticed Blork the orc
  5291 | D:6      | Killed Blork the orc
  5322 | D:6      | Reached skill level 5 in Stealth
  5884 | D:7      | HP: 1/58 [vampire mosquito (9)]
  5886 | D:6      | Slain by a vampire mosquito

Illustrated notes

Levels and vault maps discovered:
D:1:      zaba_arrival_water, layout_rooms, serial_shops, shop_fountains
D:2:      layout_loops_cross, serial_shops, shop,
          dreamdust_ecumenical_altar_hidden_monk_grotto
D:3:      layout_basic
D:4:      layout_cave_pools, feat_on_display
D:5:      layout_layer_cave
D:6:      layout_cave_pools, nzn_wu_jian_contemplation,
          minmay_temple_entry_grid, corexii_item_surrounded_by_moat,
          uniq_blork_the_orc, uniq_duvessa
D:7:      layout_gridville, nicolae_overflow_crystal_walls,
          hangedman_abyss_or_decor_stagger

Skill      XL: |  1  2  3  4  5  6  7  8 |
---------------+-------------------------+-----
Short Blades   | 4 5 7 |  7.8
Fighting       | 4 5 6 |  6.5
Stealth        | 2 4 5 |  5.8
Dodging        | |  3.1

Action                   |  1- 3 |  4- 6 |  7- 9 || total
-------------------------+-------+-------+-------++-------
Melee: Short sword       |    69 |   121 |   118 ||   308
       Constrict         |    19 |    27 |    20 ||    66
       Tentacles         |    14 |    22 |    43 ||    79
       Punch             |       |     4 |     1 ||     5
Throw: Dart              |       |     2 |       ||     2
Invok: Berserk           |       |     2 |     2 ||     4
  Use: Scroll            |       |       |     1 ||     1
 Stab: Sleeping          |     8 |     8 |     1 ||    17
       Distracted        |       |     2 |       ||     2
Armor: Skin              |     7 |     1 |    24 ||    32
Dodge: Dodged            |    36 |    69 |    82 ||   187
